 Dungeon Crawl Stone Soup version 0.29.0-13-gc9e81de378 (webtiles) character file.

Game seed: 8425389275506792677

300 inmateoo the Insei (level 6, -3/41 HPs)
             Began as an Octopode Transmuter on Sept 10, 2022.
             Was an Initiate of Makhleb.
             Splashed by a jelly's acid (4 damage)
             ... on level 4 of the Dungeon.
             The game lasted 00:03:58 (3209 turns).

inmateoo the Insei (Octopode Transmuter)            Turns: 3209, Time: 00:03:58

Health: -3/41      AC: -11   Str:  9    XL:     6   Next: 36%
Magic:  9/10       EV: 14    Int: 16    God:    Makhleb [......]
Gold:   130        SH:  0    Dex: 14    Spells: 5/11 levels left

rFire   . . .      SeeInvis .     - Unarmed
rCold   . . .      Faith    .   (no shield)
rNeg    . . .      Spirit   .   (helmet currently unavailable)
rPois   +          Reflect  .   (no amulet)
rElec   .          Harm     .   l - ring of poison resistance
rCorr   .          Rampage  .   (no ring)
Will    .....                   (no ring)
Stlth   ++........              (no ring)
HPRegen 0.13/turn               (no ring)
MPRegen 0.12/turn               (no ring)
                                (no ring)
                                (no ring)

@: appendages, corroded
A: tentacle spike 3, almost no armour, amphibious, 8 rings, camouflage 1,
gelatinous body 1, (nimble swimmer 1), tentacles
a: End Transformation, Renounce Religion


You were on level 4 of the Dungeon.
You worshipped Makhleb.
Makhleb was noncommittal.
One of your tentacles had grown a beastly spike.
You visited 2 branches of the dungeon, and saw 5 of its levels.

You collected 130 gold pieces.

Inventory:

Missiles
 i - 3 atropa-tipped darts (quivered)
Jewellery
 b - a ring of see invisible
 l - a ring of poison resistance (left tentacle)
Scrolls
 j - 5 scrolls of teleportation
Potions
 a - a potion of lignification
 c - 3 potions of heal wounds
 e - 3 potions of cancellation {unknown}
 f - a potion of haste {unknown}
 g - a potion of attraction {unknown}
 h - 3 potions of mutation {unknown}
 m - a potion of curing
 n - 2 potions of degeneration {unknown}


   Skills:
 + Level 2.5 Fighting
 + Level 3.1 Dodging
 + Level 3.9 Unarmed Combat
 + Level 3.0 Spellcasting
 * Level 3.6 Transmutations
 + Level 1.8 Poison Magic


You had 5 spell levels left.
You knew the following spells:

 Your Spells              Type           Power      Damage    Failure   Level
a - Beastly Appendage     Tmut           26%        N/A       4%          1
b - Wereblood             Tmut           13%        N/A       6%          2
c - Spider Form           Tmut/Pois      11%        N/A       19%         3

Your spell library contained the following spells:

 Spells                   Type           Power      Damage    Failure   Level
 Apportation              Tloc           4%         N/A       19%         1
 Ice Form                 Ice/Tmut       8%         N/A       65%         4


Dungeon Overview and Level Annotations

Branches:
Dungeon (4/15)             Temple (1/1) D:4

Altars:
Ashenzari
Cheibriados
Dithmenos
Gozag
Hepliaklqana
Kikubaaqudgha
Makhleb
Sif Muna
Trog
Uskayaw
Wu Jian
Xom
Yredelemnul
Zin
The Shining One

Shops:
D:4 *


Innate Abilities, Weirdness & Mutations

One of your tentacles has grown a beastly spike.
You cannot wear most types of armour.
You are amphibious.
You can wear up to eight rings at the same time.
Your skin changes colour to match your surroundings (Stealth+).
Your rubbery body absorbs attacks. (AC +1, EV +1)
((You are camouflaged when in or above water. (Stealth+)))
You have tentacles for arms and can constrict up to eight enemies at once.


Message History

You kill the ball python!
Makhleb accepts your kill.
No target in view!
A goblin comes into view. It is wielding a +0 club.
You see here a ring of see invisible.
b - a ring of see invisible The goblin shouts!
Found a stone staircase leading down.
A jelly comes into view.
You see here 10 gold pieces.
You now have enough gold to buy a wand of light (3) on this level.
You can access your shopping list by pressing '$'.
You now have 130 gold pieces (gained 10).
Casting: Beastly Appendage (safe; 4% risk of failure)
Confirm with . or Enter, or press ? or * to list all spells.
One of your tentacles grows a vicious spike.
You tentacle-slap the jelly. The acid corrodes you!
Your tentacles burn!
Your tentacle spike misses the jelly.
The jelly is moderately wounded.
The jelly hits you.
You are splashed with acid.
You tentacle-slap the jelly.
Your tentacles burn!
You pierce the jelly.
The jelly is severely wounded.
The jelly hits you.
You are splashed with acid.
You are too injured to fight recklessly!
You are too injured to fight recklessly!
You tentacle-slap the jelly but do no damage.
Your tentacles burn!
You pierce the jelly, but do no damage.
The jelly is severely wounded.
The jelly barely misses you.
You tentacle-slap the jelly. The acid corrodes you!
Your tentacles burn!
* * * LOW HITPOINT WARNING * * *
You pierce the jelly, but do no damage.
The jelly is almost dead.
The jelly hits you.
* * * LOW HITPOINT WARNING * * *
The acid corrodes you!
You are splashed with acid!
* * * LOW HITPOINT WARNING * * *
You tentacle-slap the jelly but do no damage.
Your tentacles burn!
You die...

~.. . ≈~~# . ≈≈~#
~≈≈~# .. ~≈≈~# .. ##.#
#~≈≈~# #.##...
##J~≈≈~## #..#.#.
#@~≈≈J~..
#.##......####.~≈≈~..>
#.#...........~~≈≈~###
#..(.....#....~≈≈g~#
...........#~~≈≈~##
#...........~≈≈~~#
##.##..#.#~≈≈~## #
####...#..#.#~~~~# #
#....∩.........###


You could see a jelly, an endoplasm and a goblin.

Vanquished Creatures
  Natasha (thrice) (D:3)
  2 orc wizards (D:4)
  4 gnolls (D:3)
  7 adders
  3 worms (D:2)
  A dart slug (D:3)
  An orc (D:4)
  5 bats
  6 endoplasms
  A giant cockroach (D:1)
  5 goblins
  5 hobgoblins
  3 quokkas
  7 ball pythons
  6 frilled lizards
  10 kobolds
  6 rats
75 creatures vanquished.

Notes
Turn   | Place    | Note
-------+----------+-------------------------------------------
     0 | D:1      | inmateoo the Octopode Transmuter began the quest for the
                  | Orb.
     0 | D:1      | Reached XP level 1. HP: 13/13 MP: 3/3
    89 | D:1      | Reached XP level 2. HP: 7/18 MP: 5/5
   265 | D:1      | Learned a level 2 spell: Wereblood
   381 | D:1      | You fall into a shaft and drop 1 floor!
   462 | D:2      | Reached XP level 3. HP: 20/23 MP: 4/6
   927 | D:2      | Found a faded altar of an unknown god.
   949 | D:2      | Got Plato's Tome of Direction
  1161 | D:2      | Reached XP level 4. HP: 13/29 MP: 5/7
  1747 | D:2      | Learned a level 3 spell: Spider Form
  1870 | D:3      | Noticed Natasha
  1880 | D:3      | Killed Natasha
  1912 | D:3      | Noticed Natasha
  1919 | D:3      | Killed Natasha
  1920 | D:3      | Reached XP level 5. HP: 26/34 MP: 9/9
  2071 | D:3      | Noticed Natasha
  2087 | D:3      | Killed Natasha
  2088 | D:3      | Reached skill level 1 in Poison Magic
  2467 | D:3      | Reached XP level 6. HP: 39/40 MP: 8/10
  2870 | D:4      | Found a staircase to the Ecumenical Temple.
  2917 | Temple   | Entered the Ecumenical Temple
  3121 | Temple   | Became a worshipper of Makhleb the Destroyer
  3182 | D:4      | Found Kain's Gadget Gallery.
  3208 | D:4      | HP: 1/41 [acid (8)]
  3209 | D:4      | Splashed by a jelly's acid

Illustrated notes

Levels and vault maps discovered:
D:1:      lemuel_arrival_funnel, layout_rooms
D:2:      layout_basic, shapermc_ecumenical_altar_rom_forum
D:3:      layout_rooms, uniq_natasha
D:4:      wander_river, layout_loops_ring, mainiacjoe_overflow_swirl,
          temple_fountains, nicolae_shop_gadgets, uniq_pikel
Temple:   bh_familiar_temple

Skill      XL: |  1  2  3  4  5  6 |
---------------+-------------------+-----
Fighting       | 2 |  2.5
Transmutations | 3 |  3.6
Poison Magic   | 1 |  1.8
Dodging        | 3 |  3.1
Spellcasting   | 3 |  3.0
Unarmed Combat | |  3.9

Action                   |  1- 3 |  4- 6 || total
-------------------------+-------+-------++-------
Melee: Unarmed           |    65 |   113 ||   178
       Constrict         |    18 |    22 ||    40
       Kick              |    12 |    21 ||    33
       Tentacles         |    11 |    21 ||    32
       Punch             |     2 |     1 ||     3
 Cast: Beastly Appendage |    14 |    13 ||    27
       Spider Form       |       |     4 ||     4
       Wereblood         |       |     3 ||     3
  Use: Scroll            |       |     4 ||     4
 Stab: Sleeping          |     6 |     3 ||     9
Armor: Skin              |     9 |     7 ||    16
Dodge: Dodged            |    41 |    78 ||   119
